 Dungeon Crawl Stone Soup version 0.31-a0-833-gc15d34cb79 (webtiles) character file.

Game seed: 4729791310218674769

539 Kurtz the Chopper (level 7, -6/46 HPs)
             Began as an Octopode Fighter on Sept 25, 2023.
             Was an Initiate of Okawaru.
             Mangled by Edmund
             ... wielding a +4 dire flail of protection
              (15 damage)
             ... on level 4 of the Dungeon.
             The game lasted 00:02:57 (3903 turns).

Kurtz the Chopper (Octopode Fighter)                Turns: 3903, Time: 00:02:58

Health: -6/46      AC:  1    Str: 15 (16) XL:     7   Next: 26%
Magic:  7/7        EV: 13    Int:  7 (10) God:    Okawaru [......]
Gold:   233        SH:  4    Dex: 12 (13) Spells: 6/6 levels left

rFire   . . .        a - +0 war axe
rCold   . . .        b - +0 buckler
rNeg    . . .        (helmet restricted)
rPois   .            (no amulet)
rElec   .            (no ring)
rCorr   .            (no ring)
SInv    .            (no ring)
Will    +....        (no ring)
Stlth   ++           (no ring)
HPRegen 0.27/turn    (no ring)
MPRegen 0.10/turn    (no ring)
                     (no ring)

%: no passive effects
@: enlightened, flying, invisible (expiring)
A: almost no armour, amphibious, 8 rings, camouflage 1, gelatinous body 1,
(nimble swimmer 1), tentacles
a: Renounce Religion


You were on level 4 of the Dungeon.
You worshipped Okawaru.
Okawaru was noncommittal.
You visited 2 branches of the dungeon, and saw 6 of its levels.

You collected 233 gold pieces.

Inventory:

Hand Weapons
 a - a +0 war axe (weapon)
Missiles
 j - 3 poisoned darts (quivered)
 l - 4 boomerangs
Armour
 b - a +0 buckler (worn)
Jewellery
 c - a ring of flight
Scrolls
 d - 2 scrolls of immolation {unknown}
 f - 4 scrolls of teleportation {unknown}
 h - a scroll of amnesia {unknown}
 i - 2 scrolls of poison {unknown}
 m - 2 scrolls of identify {unknown}
 o - a scroll of butterflies {unknown}
 p - a scroll of revelation {unknown}
 r - a scroll of blinking {unknown}
Potions
 g - 2 potions of ambrosia
 q - a potion of invisibility
 s - a potion of curing {unknown}


   Skills:
 - Level 3.0 Fighting
 * Level 7.7 Axes
 - Level 3.0 Dodging
 - Level 3.0 Shields
 * Level 0.9 Invocations


You had 6 spell levels left.
You didn't know any spells.
Your spell library was empty.

Dungeon Overview and Level Annotations

Branches:
Dungeon (5/15)             Temple (1/1) D:4

Altars:
Ashenzari
Cheibriados
Dithmenos
Fedhas
Hepliaklqana
Makhleb
Nemelex Xobeh
Okawaru
Ru
Uskayaw
Vehumet
Xom
The Shining One

Annotations:
D:4 Edmund, Sigmund


Innate Abilities, Weirdness & Mutations

You cannot wear most types of armour.
You are amphibious.
You can wear up to eight rings at the same time.
Your skin changes colour to match your surroundings (Stealth+).
Your rubbery body absorbs attacks. (AC +1, EV +1)
((You are camouflaged when in or above water. (Stealth+)))
You have tentacles for arms and can constrict up to eight enemies at once.


Message History

Edmund struggles to escape constriction.
You hit Edmund but do no damage.
Edmund is moderately wounded.
You constrict Edmund. Edmund closely misses you.
You hit Edmund but do no damage.
Edmund is heavily wounded.
You constrict Edmund.
Edmund says, "People think my brother is the best.
I think he's crazy."
Edmund hits you with a +4 dire flail of protection.
You hit Edmund. You squeeze Edmund, but do no damage.
Edmund is heavily wounded.
You constrict Edmund.
Edmund hits you with a +4 dire flail of protection!
You slash Edmund!
Edmund is severely wounded.
You constrict Edmund. Edmund barely misses you.
Edmund hits you with a +4 dire flail of protection!
* * * LOW HITPOINT WARNING * * *
You hit Edmund but do no damage. You squeeze Edmund, but do no damage.
Edmund is severely wounded.
You constrict Edmund.
Edmund escapes!
You hit Edmund but do no damage. Your grab misses Edmund.
You squeeze Edmund, but do no damage.
Edmund is almost dead.
You flicker for a moment.
Edmund gestures with his flail.
You block Edmund's attack.
You hit Edmund but do no damage. Your grab misses Edmund.
You squeeze Edmund, but do no damage.
Edmund is almost dead.
You block Edmund's attack.
You barely miss Edmund. You grab Edmund.
Edmund is almost dead.
You constrict Edmund, but do no damage. You block Edmund's attack.
You hit Edmund but do no damage.
Edmund is severely wounded.
You constrict Edmund.
Edmund hits you with a +4 dire flail of protection!
You die...
Edmund says, "That'll show my brother!"

# #.# ####.# ##...## '.....#
##.#.## #..#.## #......
###### # ...####
######....#.# .......
#....@@.....#
############.####....#.#
..................#### #
############....#.#
###############.#.#
..............#...#
..............##############
..............#............#
..............#............#


You could see Edmund (unable to see you).

Vanquished Creatures
  2 black bears (D:4)
  A phantom (D:4)
  A scorpion (D:4)
  A hound (D:4)
  A gnoll bouda (D:4)
  An orc wizard (D:4)
  5 gnolls (D:4)
  An adder (D:2)
  3 worms
  A dart slug (D:2)
  7 orcs
  5 ball pythons
  5 bats
  6 endoplasms
  2 giant cockroaches
  4 goblins
  3 hobgoblins
  3 jackals (D:1)
  4 quokkas
  3 frilled lizards
  3 kobolds
  2 rats
64 creatures vanquished.

Notes
Turn   | Place    | Note
-------+----------+-------------------------------------------
     0 | D:1      | Kurtz the Octopode Fighter began the quest for the Orb.
     0 | D:1      | Reached XP level 1. HP: 16/16 MP: 1/1
   111 | D:1      | Reached XP level 2. HP: 21/21 MP: 2/2
   240 | D:1      | Reached skill level 3 in Axes
   766 | D:1      | Reached XP level 3. HP: 25/26 MP: 3/3
  1396 | D:2      | Reached skill level 4 in Axes
  1901 | D:3      | Reached XP level 4. HP: 30/31 MP: 4/4
  2638 | D:3      | You fall into a shaft and drop 2 floors!
  2638 | D:5      | Entered Level 5 of the Dungeon
  2837 | D:4      | Reached skill level 5 in Axes
  2837 | D:4      | Reached XP level 5. HP: 36/36 MP: 5/5
  2988 | D:4      | Reached skill level 6 in Axes
  2988 | D:4      | Reached XP level 6. HP: 29/42 MP: 6/6
  3167 | D:4      | Noticed Sigmund
  3245 | D:4      | Noticed a black bear
  3254 | D:4      | Killed a black bear
  3394 | D:4      | Found a staircase to the Ecumenical Temple.
  3413 | Temple   | Entered the Ecumenical Temple
  3428 | Temple   | Became a worshipper of Warmaster Okawaru
  3454 | D:4      | Reached skill level 7 in Axes
  3454 | D:4      | Reached XP level 7. HP: 30/46 MP: 7/7
  3598 | D:4      | Identified the +0 hand axe of Guile {holy, rF+ Int+4}
  3872 | D:4      | Noticed Edmund
  3903 | D:4      | Mangled by Edmund

Illustrated notes

Levels and vault maps discovered:
D:1:      lightli_arrival_windingriver, layout_basic
D:2:      layout_basic
D:3:      layout_basic, minmay_fountain_box
D:4:      layout_basic, temple_statues, uniq_sigmund, uniq_edmund
D:5:      layout_rooms, nicolae_overflow_crystal_walls, nicolae_the_louvre,
          uniq_pikel
Temple:   oiseaux_autumnal_temple

Skill      XL: |  1  2  3  4  5  6 |
---------------+-------------------+-----
Axes           | 3 4 5 6 7 |  7.7
Fighting       | |  3.0
Dodging        | |  3.0
Shields        | |  3.0
Invocations    | |  0.9

Action                     |  1- 3 |  4- 6 |  7- 9 || total
---------------------------+-------+-------+-------++-------
  Melee: War axe           |    69 |    63 |    19 ||   151
         Tentacles         |    10 |    10 |    11 ||    31
         Constrict         |    16 |    16 |     4 ||    36
         Punch             |     2 |       |       ||     2
  Throw: Dart              |       |     2 |     1 ||     3
    Use: Potion            |       |     1 |     5 ||     6
   Stab: Sleeping          |    14 |     3 |     1 ||    18
         Invisible         |       |       |     1 ||     1
 Armour: Skin              |    31 |    34 |    14 ||    79
  Dodge: Dodged            |    31 |    38 |    16 ||    85
  Block: Buckler           |    13 |    12 |     7 ||    32

Table legend: (Time is in decaauts)
 A = Elapsed time spent in this place.
 B = Non-inter-level travel time spent in this place.
 C = Inter-level travel time spent in this place.
 D = Time resting spent in this place.
 E = Time spent auto-exploring this place.
 F = Levels seen in this place.
 G = Mean time per level.
                   A        B        C        D        E       F      G
               +--------+--------+--------+--------+--------+-----+--------+
         Total |   3948 |   3679 |    269 |    659 |   2533 |   6 |  658.0 |
       Dungeon |   3917 |   3677 |    240 |    659 |   2533 |   5 |  783.4 |
        Temple |     30 |      1 |     29 |      0 |      0 |   1 |   30.0 |
               +--------+--------+--------+--------+--------+-----+--------+

Top non-repeatable levels by time:
     D:4: 1242 daAuts
     D:1: 961 daAuts
     D:2: 933 daAuts
     D:3: 774 daAuts
  Temple: 30 daAuts
     D:5: 5 daAuts
